AoeStats
← O grande

Arabia

507476483Analyzed
1v1 RM · 14d ago on Sep 18, 2026· 34m 5s· 2 players
Game mode
Random Map
Map size
Tiny (2 player)
Population
200
Speed
Normal
Resources
Standard
Victory
Conquest
Starting age
Dark Age
Ending age
Imperial Age
RankedLock teamsTeams togetherTeam positionsShared explorationLock speedFull tech treeHidden civsTurbo modeCheats
Victory
Defeat
🇧🇷 Bengalis · Brazil
2041
+14
🇦🇷 Shu · Argentina
2003
-14
[AirBo]空氣包
5:58 Loom
9:11 Feudal Age
12:05 Double-Bit Axe
19:25 Castle Age
17:52 Fletching
18:02 Padded Archer Armor
18:07 Horse Collar
18:42 Padded Archer Armor
19:37 Gold Mining
19:27 Elite Skirmisher
20:04 Bodkin Arrow
20:58 Bow Saw
27:53 Crossbowman
28:38 Thumb Ring
28:52 Leather Archer Armor
31:10 Ballistics
31:30 Wheelbarrow
35:15 Imperial Age
34:03 Masonry
O grande
5:50 Loom
6:14 Loom
8:54 Feudal Age
9:57 Double-Bit Axe
11:15 Horse Collar
16:12 Wheelbarrow
19:08 Castle Age
17:39 Fletching
18:24 Padded Archer Armor
19:43 Bodkin Arrow
19:40 Town Watch
20:52 Leather Archer Armor
24:52 Scale Barding Armor
25:58 Bow Saw
25:55 Heavy Plow
26:41 Hand Cart
27:10 Gold Mining
28:01 Bloodlines
28:06 Light Cavalry
29:02 Husbandry
29:51 Forging
33:28 Imperial Age
31:26 Stone Mining
32:15 Gold Shaft Mining
31:09 Elite Skirmisher
32:53 Chain Barding Armor
33:25 Iron Casting
33:17 Ballistics
Connection lost

Rejoining the realm…

Still unreachable

The connection could not be restored.

Session expired

The server has moved on; the page needs a fresh start.